 Dungeon Crawl Stone Soup version 0.30.0-29-ga12c61a403 (webtiles) character file.

Game seed: 17956641297638886245

54 wingedge the Caller (level 3, -9/16 HPs)
             Began as a Felid Summoner on June 6, 2023.
             Killed by divine providence
             ... invoked by an orc priest
              (14 damage)
             ... on level 3 of the Dungeon.
             The game lasted 00:16:10 (1920 turns).

wingedge the Caller (Felid Summoner)                Turns: 1920, Time: 00:16:11

Health: -9/16      AC:  1    Str:  4    XL:     3   Next: 66%
Magic:  5/8        EV: 17    Int: 18    God:
Gold:   94         SH:  0    Dex: 16    Spells: 4/7 levels left
                                        Lives:  0   Deaths: 0

rFire   . . .        (weapon unavailable)
rCold   . . .        (shield unavailable)
rNeg    . . .        (body armour unavailable)
rPois   .            (helmet unavailable)
rElec   .            (cloak unavailable)
rCorr   .            (gloves unavailable)
SInv    +            (boots unavailable)
Will    .....        (no amulet)
Stlth   ++           (no ring)
HPRegen 0.22/turn    (no ring)
MPRegen 0.11/turn

%: no passive effects
@: about to teleport, quick
A: very small, claws 1, fangs 3, see invisible, speed 1, shaggy fur 1, stealthy
paws, no weapons or thrown items, no armour, multi-lived
a: no special abilities


You were on level 3 of the Dungeon.
You visited 1 branch of the dungeon, and saw 3 of its levels.

You collected 124 gold pieces.
You spent 30 gold pieces at shops.

Inventory:

Scrolls
 e - a scroll of teleportation
 f - a scroll of immolation {unknown}
 g - a scroll of fog {unknown}
 j - a scroll of torment {unknown}
 m - a scroll of fear {unknown}
Potions
 a - a potion of magic
 c - 2 potions of flight
 h - a potion of haste {unknown}
 i - a potion of attraction {unknown}
 k - a potion of heal wounds {unknown}
 l - a potion of mutation {unknown}
 n - a potion of curing
 o - a potion of ambrosia {unknown}
 p - 2 potions of might {unknown}


   Skills:
 + Level 2.1 Fighting
 + Level 2.9 Dodging
 + Level 2.9 Stealth
 + Level 2.9 Spellcasting
 - Level 4.0 Summonings


You had 4 spell levels left.
You knew the following spells:

 Your Spells              Type           Power      Damage    Failure   Level
a - Summon Small Mammal   Summ           68%        N/A       3%          1
b - Call Imp              Summ           34%        N/A       4%          2

Your spell library contained the following spells:

 Spells                   Type           Power      Damage    Failure   Level
 Call Canine Familiar     Summ           17%        N/A       10%         3
 Summon Guardian Golem    Hex/Summ       9%         N/A       22%         3
 Summon Lightning Spire   Summ/Air       9%         N/A       58%         4


Dungeon Overview and Level Annotations

Branches:
Dungeon (3/15)

Altars:

Shops:
D:2 !

Portals:
Sewer: D:3


Innate Abilities, Weirdness & Mutations

You have sharp claws.
You have razor-sharp teeth.
You have supernaturally acute eyesight. (SInv)
You cover ground quickly. (Speed+)
You are covered in fur. (AC +1)
Your paws help you pounce on unaware monsters.
You are incapable of wielding weapons or throwing items.
You cannot wear armour.
You gain extra lives every three experience levels.


Message History

You hear the rusting of a drain very nearby.
The hobgoblin closely misses your cerulean imp.
Your cerulean imp closely misses the hobgoblin.
The orc priest barely misses your cerulean imp.
What are your orders? t - Meow!
Orders for allies: a - Attack new target. p - Attack previous target. r - Retreat! s - Stop attacking. g - Guard the area. f - Follow me.
Anything else - Cancel.
Gang up on whom?
Press: ? - help, Dir - move target, f/p - orc priest
Aim: an orc priest, wielding a +0 dagger (heavily wounded, ally target) Attack!
The orc priest mumbles some strange prayers to Beogh against you.
Beogh smites you!
Ouch! That really hurt!
* * * LOW HITPOINT WARNING * * *
Your cerulean imp closely misses the orc priest.
Your bat hits the hobgoblin.
You swap places.
Your bat hits the hobgoblin but does no damage.
The hobgoblin completely misses you.
Your bat hits the hobgoblin but does no damage.
Your cerulean imp hits the hobgoblin but does no damage.
Your bat completely misses the hobgoblin.
Your bat hits the hobgoblin but does no damage.
Your bat hits the hobgoblin but does no damage.
Your bat misses the orc priest. The orc priest closely misses your bat.
Casting: Summon Small Mammal (safe; 3% risk of failure)
Confirm with . or Enter, or press ? or * to list all spells.
Okay, then.
As you read the scroll of teleportation, it crumbles to dust.
You feel strangely unstable.
Your bat barely misses the hobgoblin.
Your bat hits the hobgoblin but does no damage.
The hobgoblin completely misses you.
Your bat closely misses the hobgoblin.
The orc priest mumbles some strange prayers to Beogh against you.
Beogh smites you!
Ouch! That really hurt!
You die...

#.##########.o≈.....~
#. ..≈~.....~ ..
#.≈~..∩... .#.
..≈~...~.~ ..#.
###5~~... ## #. #.o.#
#. #b#.# #g# ~. #@#
## #.# #.... #.# ....
#.# ... #.# #..
#.####### #..
#.#.....#
#..###.#.###.#
#......#.# #.#


You could see an orc priest (ally target), a hobgoblin and a friendly bat
(summoned).

Vanquished Creatures
  A bat (D:2)
1 creature vanquished.

Vanquished Creatures (collateral kills)
  A river rat (D:3)
  An adder (D:2)
  2 worms
  An orc (D:3)
  3 ball pythons
  2 bats
  4 endoplasms
  3 goblins
  3 hobgoblins (D:1)
  A quokka (D:2)
  2 kobolds
  4 rats
27 creatures vanquished.

Grand Total: 28 creatures vanquished

Notes
Turn   | Place    | Note
-------+----------+-------------------------------------------
     0 | D:1      | wingedge the Felid Summoner began the quest for the Orb.
     0 | D:1      | Reached XP level 1. HP: 7/7 MP: 4/4
   304 | D:1      | Reached skill level 1 in Fighting
   416 | D:1      | Reached XP level 2. HP: 12/12 MP: 6/6
   625 | D:1      | Found a faded altar of an unknown god.
   890 | D:2      | Learned a level 2 spell: Call Imp
  1076 | D:2      | Found Quituh's Distillery.
  1085 | D:2      | Bought a potion of curing for 30 gold pieces
  1576 | D:2      | Reached XP level 3. HP: 16/16 MP: 2/8
  1746 | D:3      | Found a glowing drain.
  1920 | D:3      | Killed from afar by an orc priest

Illustrated notes

Levels and vault maps discovered:
D:1:      lightli_iron_boxes, layout_basic, shapermc_ecumenical_altar_venn
D:2:      layout_loops_cross, serial_shops,
          nicolae_shop_temple_entry_statues_fountains, amethyst_killhole
D:3:      layout_basic, cheibrodos_sewer_entry_sluice, serial_bayou_crossing

Skill      XL: |  1  2 |
---------------+-------+-----
Fighting       | 1 2 |  2.1
Dodging        | |  2.9
Stealth        | |  2.9
Spellcasting   | |  2.9
Summonings     | |  4.0

Action                     || total
---------------------------++-------
  Melee: Unarmed           ||     9
         Bite              ||     2
   Cast: Summon Small Mamm ||    45
         Call Imp          ||     5
    Use: Scroll            ||     4
  Dodge: Dodged            ||    11
